 Dungeon Crawl Stone Soup version 0.18.1-50-g88ac8fd (webtiles) character file.

6055 FloraKitsune the Slinger (level 11, -6/67 HPs)
             Began as a Kobold Arcane Marksman on Sept 21, 2016.
             Was a Follower of Ashenzari.
             Mangled by a black mamba (18 damage)
             ... on level 1 of the Lair of Beasts.
             The game lasted 00:35:11 (15870 turns).

FloraKitsune the Slinger (Kobold Arcane Marksman)  Turns: 15870, Time: 00:35:11

Health: -6/67      AC:  9    Str:  9    XL:     11   Next: 11%
Magic:  12/12      EV: 22    Int: 11    God:    Ashenzari [*.....]
Gold:   663        SH:  0    Dex: 20    Spells: 2 memorised, 9 levels left

rFire  + . .     SeeInvis .     a - +2 hunting sling
rCold  + . .     Gourm    .     b - +0 robe {rC+ rF+}
rNeg   . . .     Faith    .     (shield restricted)
rPois  .         Spirit   .     t - +0 helmet
rElec  .         Dismiss  .     z - +2 cloak {MR+} (curse)
rCorr  .         Reflect  .     (no gloves)
SustAt .         Harm     .     w - +2 pair of boots {Fly} (curse)
MR     +....                    l - amulet of regeneration (curse)
Stlth  +++++.....               (no ring)
                                C - ring of wizardry

@: flying, somewhat resistant to hostile enchantments, quite stealthy
A: carnivore 3
a: Curse Item, Scrying, Renounce Religion, Stop Flying


You were on level 1 of the Lair of Beasts.
You worshipped Ashenzari.
Ashenzari was aware of your devotion.
You were very full.

You visited 3 branches of the dungeon, and saw 11 of its levels.
You also visited: Sewer.

You collected 663 gold pieces.

Inventory:

Hand Weapons
 a - a +2 hunting sling (weapon)
 h - a +0 dagger
Missiles
 d - 91 sling bullets
 g - 30 stones (quivered)
Armour
 b - a +0 robe of resistance (worn)
 t - a +0 helmet (worn)
 w - a cursed +2 pair of boots of flying (worn)
 z - a cursed +2 cloak of magic resistance (worn)
Jewellery
 l - a cursed amulet of regeneration (around neck)
 C - a ring of wizardry (left hand)
 D - an uncursed ring of protection from cold
Wands
 k - a wand of iceblast (12/15)
 q - a wand of slowing (35/48)
 A - a wand of lightning (9/15)
Scrolls
 n - 6 scrolls of blinking
 o - 2 scrolls of amnesia
 p - 5 scrolls of teleportation
 r - 4 scrolls of remove curse
 u - a scroll of fear
 v - 2 scrolls of magic mapping
 x - a scroll of enchant weapon
 y - 2 scrolls of identify
Potions
 e - 2 potions of heal wounds
 m - 3 potions of invisibility
 E - a potion of curing
Books
 c - a book of Debilitation

   Spells                             Type                      Level
   a - Corona                         Hexes                        1
   b - Slow                           Hexes                        2
   c - Gell's Gravitas                Hexes/Translocation          3
   d - Inner Flame                    Hexes/Fire                   3
   e - Cause Fear                     Hexes                        4
   f - Leda's Liquefaction            Hexes/Earth                  4
 B - a book of Misfortune

   Spells                             Type                      Level
   a - Confusing Touch                Hexes                        2
   b - Confuse                        Hexes                        3
   c - Gell's Gravitas                Hexes/Translocation          3
   d - Petrify                        Transmutation/Earth          4
   e - Metabolic Englaciation         Hexes/Ice                    5
   f - Yara's Violent Unravelling     Hexes/Transmutation          5
Miscellaneous
 F - a phial of floods
Comestibles
 f - 6 meat rations
 i - 3 royal jellies
 j - a slice of pizza
 s - 9 beef jerkies


   Skills:
 + Level 7.1 Fighting
 - Level 13.0 Slings
 + Level 7.9 Dodging
 + Level 9.3 Stealth
 - Level 1.0 Spellcasting
 - Level 4.2 Hexes


You had 9 spell levels left.
You knew the following spells:

 Your Spells              Type           Power        Failure   Level  Hunger
a - Corona                Hex            #......      2%          1    ##.....
b - Slow                  Hex            #.......     4%          2    ###....


Dungeon Overview and Level Annotations

Branches:
Dungeon (9/15)             Temple (1/1) D:4            Lair (1/8) D:8
    Orc: D:9-12

Altars:
Ashenzari
Cheibriados
Dithmenos
Elyvilon
Fedhas
Gozag
Kikubaaqudgha
Makhleb
Nemelex Xobeh
Okawaru
Pakellas
Qazlal
Ru
Sif Muna
Trog
Vehumet
Xom
Yredelemnul
Zin
The Shining One

Annotations:
D:4 Pikel
Lair:1 exclusion: elephant


Innate Abilities, Weirdness & Mutations

You are small and have problems with some larger weapons.
You are carnivorous and can eat meat at any time.


Message History

Press: ? - help, Shift-Dir - straight line, f/p - black mamba
Aim: a black mamba (almost dead, softly glowing)
You shoot a stone.
The stone hits the black mamba but does no damage.
The black mamba is almost dead.
You feel sick. The black mamba bites you.
Firing (i - inventory. (,) - cycle):
g - 31 stones (quivered)
Press: ? - help, Shift-Dir - straight line, f/p - black mamba
Aim: a black mamba (almost dead, softly glowing)
You shoot a stone.
The stone hits the black mamba but does no damage.
The black mamba is almost dead.
You feel sick. The black mamba bites you!!
* * * LOW HITPOINT WARNING * * *
You are too injured to fight recklessly!
You are too injured to fight recklessly!
You are too injured to fight recklessly!
Drink which item? (? for menu, Esc to quit)
You feel better. The black mamba misses you. The black mamba bites you!!
You die...

....##.(##(.##..........
.......(.(..............
.....................##.
...$...?................
..........(.............
....$...................
....#..(..........#.####
.. ###S###.###..##.###.
... ###@# ##...##.....
....#.#.#####....#......
........................
................##P.....
............#..####..#..
.....P....##...# #...#.
.#..........#..# .......
##.....................
#.....................


You could see a black mamba.

Vanquished Creatures
  A komodo dragon (Lair:1)
  The ghost of appiemonkey the Skirmisher, an amateur GrFi of Okawaru (D:4)
  Sigmund (D:2)
  The ghost of Rationalist the Chopper, an amateur MiGl (Sewer)
  A hungry ghost (D:8)
  2 hippogriffs
  Edmund (D:3)
  A water moccasin (D:9)
  2 hell hounds (D:8)
  An ice beast (D:9)
  3 sky beasts
  An eye of draining (D:9)
  A necrophage (D:7)
  3 ogres
  3 phantoms
  A wolf (Lair:1)
  4 centaurs
  2 crocodiles
  Blork the orc (D:4)
  3 giant frogs
  8 scorpions
  4 killer bees (D:8)
  4 wights (D:8)
  9 howler monkeys
  3 crimson imps
  A giant frog zombie (D:9)
  3 hounds
  4 centaur skeletons
  6 orc priests
  8 orc wizards
  3 iguanas
  5 worker ants
  A killer bee zombie (D:7)
  3 hound skeletons (D:5)
  Robin (D:3)
  17 adders
  6 river rats
  A shadow imp (D:8)
  14 oozes (Sewer)
  An adder skeleton (D:9)
  9 worms
  2 dart slugs
  21 giant geckos
  38 orcs
  16 giant cockroaches
  2 gnoll zombies (D:6)
  23 goblins
  13 hobgoblins
  7 jackals
  7 kobolds
  4 quokkas
  17 ball pythons
  5 bats
  A giant cockroach zombie (D:5)
  A giant gecko zombie (D:5)
  20 giant newts
  11 rats
333 creatures vanquished.

Notes
Turn   | Place    | Note
--------------------------------------------------------------
     0 | D:1      | FloraKitsune the Kobold Arcane Marksman began the quest for the Orb.
     0 | D:1      | Reached XP level 1. HP: 12/12 MP: 2/2
   317 | D:1      | Reached skill level 3 in Slings
   317 | D:1      | Reached XP level 2. HP: 15/16 MP: 3/3
  1441 | D:2      | Reached XP level 3. HP: 20/20 MP: 4/4
  1473 | D:2      | Noticed Sigmund
  1625 | D:2      | Reached skill level 4 in Slings
  1638 | D:2      | Learned a level 2 spell: Slow
  2749 | D:2      | Reached XP level 4. HP: 9/25 MP: 3/5
  3145 | D:2      | Found a snail-covered altar of Cheibriados.
  3219 | D:2      | Found a white marble altar of Elyvilon.
  4846 | D:3      | Reached XP level 5. HP: 29/29 MP: 4/6
  5303 | D:3      | Reached skill level 5 in Slings
  6402 | D:3      | Reached XP level 6. HP: 24/34 MP: 4/7
  7049 | D:4      | Reached skill level 6 in Slings
  7077 | D:4      | Noticed Robin
  7405 | D:3      | Killed Robin
  7618 | D:4      | Noticed appiemonkey's ghost (amateur GrFi)
  7742 | D:4      | Noticed Pikel
  7742 | D:4      | Noticed a slave
  7742 | D:4      | Noticed a slave
  8059 | D:4      | Found a staircase to the Ecumenical Temple.
  8069 | D:4      | Noticed Edmund
  8074 | Temple   | Entered the Ecumenical Temple
  8191 | Temple   | Became a worshipper of Ashenzari the Shackled
  8300 | D:5      | Entered Level 5 of the Dungeon
  8365 | D:5      | Reached skill level 7 in Slings
  8420 | D:5      | Found a burning altar of Makhleb.
  8445 | D:5      | Reached XP level 7. HP: 36/38 MP: 6/8
  8504 | D:5      | Found a blossoming altar of Fedhas.
  8582 | D:5      | Reached skill level 8 in Slings
  8638 | D:5      | Found a glowing drain.
  8687 | Sewer    | Entered a sewer
  8973 | Sewer    | Reached skill level 9 in Slings
  9117 | Sewer    | Noticed Rationalist's ghost (amateur MiGl)
  9354 | Sewer    | Killed Rationalist's ghost
  9354 | Sewer    | Reached XP level 8. HP: 28/43 MP: 2/9
  9553 | Sewer    | Reached skill level 10 in Slings
 10098 | D:5      | Found a sacrificial altar of Ru.
 10206 | D:5      | Reached skill level 11 in Slings
 10244 | D:5      | Found a shimmering altar of Xom.
 10244 | D:5      | Found an iron altar of Okawaru.
 10654 | D:6      | Found a basalt altar of Yredelemnul.
 11458 | D:7      | Reached XP level 9. HP: 38/47 MP: 10/10
 11532 | D:7      | Reached skill level 12 in Slings
 11930 | D:7      | Reached skill level 13 in Slings
 12167 | D:8      | Reached * piety under Ashenzari
 12202 | D:7      | Reached skill level 1 in Stealth
 12637 | D:4      | Killed appiemonkey's ghost
 12699 | D:4      | Noticed Blork the orc
 12713 | D:4      | Killed Blork the orc
 13057 | D:2      | Killed Sigmund
 13057 | D:2      | Reached XP level 10. HP: 50/56 MP: 9/11
 13434 | D:3      | Killed Edmund
 13434 | D:3      | Reached skill level 5 in Dodging
 13434 | D:3      | Reached skill level 5 in Stealth
 13688 | D:8      | Reached skill level 5 in Fighting
 13698 | D:8      | Found a staircase to the Lair.
 14804 | D:9      | Found an opulent altar of Gozag.
 15448 | D:9      | Reached XP level 11. HP: 66/66 MP: 12/12
 15569 | Lair:1   | Entered Level 1 of the Lair of Beasts
 15767 | Lair:1   | Noticed an elephant
 15870 | Lair:1   | Mangled by a black mamba

Skill      XL: |  1  2  3  4  5  6  7  8  9 10 11 |
---------------+----------------------------------+-----
Slings         | 3 4 5 7 9 11 13 | 13.0
Hexes          | 4 |  4.2
Stealth        | 4 8 9 |  9.3
Fighting       | 3 6 7 |  7.1
Dodging        | 4 7 |  7.9
Spellcasting   | |  1.0

Action                   |  1- 3 |  4- 6 |  7- 9 | 10-12 || total
-------------------------+-------+-------+-------+-------++-------
Melee: Unarmed           |    17 |       |       |       ||    17
       Dagger            |    77 |   330 |       |       ||   407
       Hunting sling     |       |       |       |     1 ||     1
 Fire: Hunting sling     |    44 |   200 |   775 |   566 ||  1585
 Cast: Corona            |    22 |    22 |     7 |     9 ||    60
       Slow              |     1 |    15 |    19 |     2 ||    37
Invok: Curse Item        |       |       |     3 |       ||     3
  Use: Potion            |       |     4 |     1 |     1 ||     6
       Scroll            |       |     6 |     5 |       ||    11
 Stab: Sleeping          |     2 |     5 |       |       ||     7
       Distracted        |       |     1 |       |       ||     1
  Eat: Chunk             |    15 |    19 |    17 |    11 ||    62
Armor: Robe              |    13 |    32 |    33 |    29 ||   107
       Skin              |       |     3 |       |       ||     3
       Animal skin       |       |    28 |    31 |       ||    59
Dodge: Dodged            |   110 |   313 |   175 |   166 ||   764
